Map: Lightshade LE

Players

DaedGaem

  • Race: Terran Terran
  • League: Diamond

ButterToss - Winner!

  • Race: Protoss Protoss
  • League: Diamond

VOD

Have the link to the VOD?

Description

Time

  • Played on: June 12, 2021, 8:51 p.m.
  • Length: 14:50
Show
View Real Time Build Order
Export as new Build Order

DaedGaem Terran 

Build Orders: Reaper Expand 

Get SALT Encoding   

  12  0:00  SCV  
  13  0:12  SCV  
  14  0:16  Supply Depot  
  14  0:24  SCV  
  15  0:38  SCV  
  15  0:40  Barracks  
  16  0:45  Refinery  
  16  0:50  SCV  
  17  1:02  SCV  
  18  1:14  SCV  
  19  1:34  Orbital Command  
  19  1:35  Reaper  
  20  1:45  Command Center  
  20  1:58  Supply Depot  
  20  2:00  SCV  
  21  2:10  Marine  
  21  2:12  SCV  
  21  2:13  Factory  
  23  2:22  Refinery  
  22  2:24  SCV  
  23  2:47  SCV  
  23  2:51  Barracks Reactor  
  22  2:59  Hellion  
  24  3:14  SCV, Orbital Command  
  24  3:17  Barracks  
  25  3:24  Factory Tech Lab  
  25  3:27  SCV  
  25  3:28  Marine  
  25  3:29  Marine  
  25  3:30  Bunker  
  28  3:39  SCV  
  29  3:43  Cyclone  
  29  3:44  SCV  
  32  3:51  SCV  
  33  3:56  SCV  
  33  3:59  Marine x2  
  36  4:06  Barracks Tech Lab  
  36  4:16  Cyclone  
  39  4:20  Bunker  
  39  4:22  Orbital Command  
  38  4:24  Marine x2  
  38  4:26  Concussive Shells, Marauder  
  38  4:27  SCV  
  43  4:39  SCV  
  43  4:44  Marine x2  
  45  4:51  SCV  
  46  4:56  Bunker  
  46  4:58  Supply Depot  
  46  4:59  SCV, Supply Depot, Siege Tank, Marauder  
  52  5:04  SCV  
  52  5:05  Supply Depot  
  52  5:06  Supply Depot  
  53  5:07  Marine  
  53  5:11  Stimpack  
  54  5:17  Marine  
  54  5:20  SCV x2  
  51  5:36  Marauder, Marine  
  51  5:39  SCV x2  
  51  5:40  Siege Tank, Marine  
  60  5:45  Supply Depot  
  60  5:47  Engineering Bay  
  60  5:51  SCV x2, Starport  
  60  5:54  Marine  
  63  6:02  Barracks  
  63  6:03  SCV  
  64  6:05  SCV  
  64  6:07  Refinery  
  64  6:09  Supply Depot  
  67  6:11  Marauder  
  67  6:17  Missile Turret  
  67  6:19  Siege Tank, SCV  
  67  6:23  SCV  
  72  6:26  Marine  
  72  6:27  Marine  
  76  6:33  Medivac, Marauder  
  76  6:35  SCV  
  79  6:44  Marine  
  79  6:47  Supply Depot x2  
  70  6:54  Marauder  
  52  7:10  Siege Tank  
  52  7:11  Marine x2  
  58  7:15  Marauder  
  58  7:16  Barracks Tech Lab, Combat Shield  
  58  7:18  SCV  
  58  7:27  Terran Infantry Weapons Level 1  
  58  7:28  Marine  
  57  7:37  Marauder  
  57  7:42  Marine  
  57  7:43  Marauder  
  60  7:46  Marine  
  60  7:48  SCV  
  62  7:53  Medivac  
  66  7:58  Marauder  
  66  7:59  Refinery  
  66  8:00  Marine  
  66  8:03  SCV x2  
  66  8:04  Marauder, Marine  
  72  8:11  Supply Depot  
  72  8:12  Supply Depot  
  72  8:15  SCV x2  
  72  8:18  Marine  
  72  8:19  Siege Tank, Marine  
  79  8:26  Liberator  
  83  8:27  SCV x2  
  84  8:34  Supply Depot  
  84  8:39  SCV x2  
  84  8:40  Marine  
  84  8:41  Supply Depot, Marine  
  88  8:51  SCV x2, Marauder  
  88  8:52  Marauder  
  94  8:59  Marine x2  
  96  9:03  SCV x2  
  96  9:09  Medivac  
  100  9:13  Marauder  
  86  9:20  Marauder, Marine x2  
  81  9:26  Siege Tank  
  84  9:33  Marine  
  84  9:37  Marine  
  84  9:38  Marine  
  87  9:39  Medivac  
  87  9:41  Sensor Tower  
  87  9:42  SCV x2  
  91  9:52  Marine x2  
  91  9:54  SCV x2  
  91  9:58  Siege Tank  
  98  10:01  Command Center  
  98  10:04  Barracks  
  98  10:06  SCV  
  99  10:07  Barracks  
  99  10:09  SCV, Medivac  
  99  10:11  Terran Infantry Armor Level 1, Marauder  
  104  10:18  Marauder  
  106  10:27  SCV x2, Supply Depot  
  108  10:29  Marine x2  
  108  10:32  Siege Tank, Marauder  
  115  10:38  Marine  
  115  10:39  SCV  
  117  10:50  Marine  
  117  10:52  Barracks Tech Lab  
  117  10:53  Marauder  
  117  10:55  Barracks Tech Lab  
  117  10:56  SCV  
  122  10:57  SCV  
  122  11:01  Engineering Bay  
  122  11:02  Armory  
  122  11:04  Marine  
  122  11:05  Marauder  
  122  11:07  Supply Depot x2, Marine  
  122  11:08  SCV  
  127  11:13  Marine  
  127  11:14  Marauder, Marine  
  131  11:19  Supply Depot  
  131  11:22  Marine  
  132  11:26  Marauder  
  132  11:29  Siege Tank  
  132  11:31  Marine  
  135  11:35  Marauder, Marine  
  135  11:38  SCV  
  139  11:45  Refinery  
  139  11:46  Marauder  
  141  11:49  Refinery  
  141  11:52  Starport Reactor  
  88  12:18  Marauder, Marine  
  88  12:22  Barracks  
  88  12:24  Factory Reactor, Barracks, Marine x2, Marauder  
  88  12:25  Barracks  
  92  12:31  SCV  
  92  12:32  SCV  
  92  12:33  Orbital Command  
  94  12:41  Marauder, Marine x2  
  94  12:44  SCV  
  99  12:45  Marauder, Marine x2  
  103  12:58  Marine  
  103  12:59  Marauder  
  103  13:01  Widow Mine x2  
  103  13:02  Marine  
  103  13:05  Supply Depot  
  111  13:06  Supply Depot x2  
  111  13:07  Marine x2  
  111  13:08  Marauder  
  115  13:15  Barracks Tech Lab, Barracks Reactor  
  115  13:22  Starport  
  115  13:23  Marauder, Marine x2  
  115  13:26  Medivac  
  121  13:30  Medivac  
  121  13:32  Marine  
  121  13:33  Marauder, Marine  
  127  13:42  Marine x2  
  127  13:43  Marauder  
  127  13:44  Widow Mine  
  127  13:45  Widow Mine  
  135  13:55  SCV  
  135  13:56  Viking  
  138  14:03  Starport Reactor  
  138  14:06  Widow Mine x2  
  138  14:09  Viking  
Show
View Real Time Build Order
Export as new Build Order

ButterToss Protoss - Winner!

Build Orders: 1 Gate Expand 

Get SALT Encoding   

  12  0:01  Probe  
  13  0:13  Probe  
  14  0:22  Pylon  
  14  0:25  Probe  
  15  0:36  Pylon  
  15  0:40  Probe (Chrono Boost)  
  16  0:52  Probe (Chrono Boost)  
  16  0:54  Gateway  
  17  0:58  Probe (Chrono Boost)  
  18  1:09  Probe  
  19  1:21  Probe  
  20  1:33  Probe  
  21  1:40  Zealot (Chrono Boost)  
  21  1:43  Nexus  
  21  1:45  Probe  
  24  1:54  Cybernetics Core  
  24  1:59  Assimilator, Probe  
  25  2:04  Zealot  
  27  2:11  Assimilator  
  27  2:18  Probe  
  28  2:30  Probe  
  29  2:42  Stalker  
  31  2:50  Pylon, Gateway  
  31  2:52  Warp Gate (Chrono Boost)  
  31  2:55  Probe, Gateway  
  31  2:57  Probe  
  33  3:07  Probe  
  33  3:12  Stalker  
  34  3:24  Probe  
  34  3:25  Probe  
  36  3:27  Shield Battery  
  36  3:29  Gateway  
  36  3:36  Probe  
  36  3:38  Probe  
  38  3:47  Stalker  
  40  3:54  Probe  
  41  3:56  Probe  
  43  4:06  Twilight Council  
  43  4:16  Probe  
  42  4:20  Probe  
  42  4:22  Pylon  
  42  4:24  Stalker x3  
  45  4:28  Probe  
  45  4:30  Stalker  
  52  4:33  Probe  
  53  4:44  Charge (Chrono Boost)  
  51  4:46  Probe x2  
  53  4:55  Stalker  
  53  4:57  Zealot x2  
  59  5:01  Pylon  
  59  5:02  Zealot  
  61  5:14  Probe  
  61  5:19  Probe  
  53  5:31  Zealot x4  
  53  5:32  Probe  
  53  5:34  Probe  
  63  5:41  Gateway  
  63  5:43  Gateway  
  63  5:44  Gateway  
  63  5:51  Forge  
  63  5:54  Pylon, Zealot  
  65  5:59  Zealot  
  65  6:02  Zealot  
  69  6:09  Pylon  
  69  6:15  Zealot x2  
  73  6:19  Zealot  
  73  6:21  Probe  
  73  6:23  Pylon, Protoss Ground Weapons Level 1 (Chrono Boost)  
  73  6:25  Pylon  
  76  6:30  Zealot  
  78  6:35  Zealot x2  
  83  6:40  Zealot  
  83  6:42  Zealot  
  86  6:50  Zealot x2  
  66  7:05  Zealot x4  
  66  7:06  Zealot  
  66  7:14  Zealot  
  66  7:15  Zealot  
  70  7:25  Probe x2  
  64  7:37  Zealot x6  
  70  7:46  Robotics Facility  
  70  7:49  Sentry  
  72  7:57  Templar Archives  
  72  7:59  Stalker x2  
  72  8:04  Stalker  
  78  8:06  Probe  
  79  8:15  Stalker  
  79  8:17  Stalker  
  83  8:21  Stalker  
  83  8:26  Stalker  
  87  8:34  Stalker  
  89  8:52  High Templar x2  
  93  8:56  Assimilator  
  93  8:58  Archon  
  93  8:59  Zealot  
  93  9:01  Nexus  
  95  9:07  Pylon  
  79  9:21  Zealot x4  
  79  9:24  Zealot  
  79  9:32  Zealot x2  
  79  9:37  Assimilator, Protoss Ground Weapons Level 2 (Chrono Boost)  
  83  9:48  High Templar  
  83  9:50  High Templar  
  87  9:56  Archon  
  87  9:57  Zealot x2  
  87  9:59  Probe  
  92  10:05  Zealot  
  94  10:17  Probe x3  
  97  10:22  Zealot x2  
  101  10:33  High Templar  
  101  10:34  High Templar x2  
  107  10:38  Archon  
  107  10:40  Zealot x2  
  107  10:42  Probe x2  
  113  10:51  Robotics Bay  
  113  10:53  Zealot x2  
  117  11:07  High Templar, Zealot  
  117  11:08  Zealot x2  
  125  11:12  Pylon  
  125  11:14  Pylon  
  125  11:17  Assimilator  
  124  11:20  Assimilator  
  124  11:22  Robotics Facility  
  118  11:34  Probe x2  
  118  11:37  Probe  
  118  11:39  High Templar  
  123  11:40  Zealot  
  123  11:41  Zealot x2  
  123  11:46  Probe  
  130  11:50  Archon  
  130  11:52  Colossus  
  130  11:54  Probe x2  
  124  12:08  Zealot x4  
  104  12:09  Zealot  
  112  12:16  High Templar  
  112  12:19  Probe  
  115  12:23  Probe  
  116  12:33  Probe  
  116  12:34  Zealot  
  116  12:35  Zealot x3  
  125  12:38  High Templar  
  127  12:47  Probe  
  128  12:54  Pylon  
  128  13:00  Zealot  
  128  13:01  Zealot  
  132  13:09  Colossus (Chrono Boost)  
  138  13:17  Nexus  
  138  13:22  Psionic Storm  
  138  13:24  Pylon  
  138  13:29  Pylon  
  138  13:40  Archon  
  136  13:41  Colossus  
  142  13:54  Zealot x5  
  152  13:55  Assimilator  
  152  14:03  Warp Prism  
  154  14:10  Assimilator  
  108  14:36  Zealot x4  
  108  14:37  Zealot x2  
Tags
 
Add a new tag
Caveats
  • Supply blocks, unpowered buildings, or Contaminate may cause inaccurate times.
  • Supply counts are checked every 10 seconds.